 Dungeon Crawl Stone Soup version 0.31-a0-7-g51783674b7 (webtiles) character file.

Game seed: 10726980013449512643

3247 cheesebisquit the Dealer of Despair (level 9, 0/70 HPs)
             Began as a Ghoul Monk on May 5, 2023.
             Was an Elder of Kikubaaqudgha.
             Slain by a killer bee (5 damage)
             ... on level 7 of the Dungeon.
             The game lasted 00:25:32 (7190 turns).

cheesebisquit the Dealer of Despair (Ghoul Monk)    Turns: 7190, Time: 00:25:33

Health: 0/70       AC:  6    Str: 17    XL:     9   Next: 99%
Magic:  17/17      EV: 12    Int:  7    God:    Kikubaaqudgha [****..]
Gold:   244        SH:  0    Dex: 11    Spells: 18/21 levels left

rFire   + .          .
                       - Unarmed
rCold   + . .        c - orb {light}
rNeg    + + +        n - +1 leather armour {rPois}
rPois   ∞            h - +1 helmet
rElec   .            (no cloak)
rCorr   .            (no gloves)
SInv    .            (no boots)
Will    .....        (no amulet)
Stlth   +            b - ring of protection from fire
HPRegen 0.00/turn    (no ring)
MPRegen 0.15/turn

%: no passive effects
@: inhibited regen, glowing
A: claws 1, cold resistance 1, negative energy resistance 3, inhibited
regeneration, torment resistance 2, devour on kill
a: Renounce Religion, Unearth Wretches


You were on level 7 of the Dungeon.
You worshipped Kikubaaqudgha.
Kikubaaqudgha was greatly pleased with you.
You visited 1 branch of the dungeon, and saw 7 of its levels.

You collected 334 gold pieces.
You spent 90 gold pieces at shops.

Inventory:

Missiles
 d - 2 curare-tipped darts (quivered)
 t - 7 poisoned darts
 u - 8 boomerangs
Armour
 c - an orb of light (worn)
 h - a +1 helmet (worn)
 n - a +1 leather armour of poison resistance (worn)
 y - a +2 helmet
Jewellery
 b - a ring of protection from fire (left claw)
Wands
 j - a wand of mindburst (9)
 w - a wand of flame (7)
Scrolls
 f - 5 scrolls of teleportation
 g - a scroll of butterflies {unknown}
 k - a scroll of amnesia {unknown}
 m - a scroll of vulnerability {unknown}
 p - 2 scrolls of fear {unknown}
 q - a scroll of magic mapping
 r - a scroll of noise {unknown}
 s - a scroll of enchant armour {unknown}
 x - a scroll of enchant weapon {unknown}
Potions
 a - 2 potions of brilliance
 i - a potion of mutation
 l - 2 potions of berserk rage
 o - a potion of flight
 v - a potion of heal wounds {unknown}
 z - a potion of cancellation {unknown}
 A - a potion of degeneration {unknown}
 C - a potion of haste {unknown}


   Skills:
 - Level 3.3 Fighting
 - Level 2.6 Dodging
 - Level 5.8 Unarmed Combat
 + Level 6.5 Spellcasting
 + Level 10.3 Necromancy


You had 18 spell levels left.
You knew the following spells:

 Your Spells              Type           Power      Damage    Failure   Level
a - Vampiric Draining     Necr           16%        2d7       1%          3

Your spell library contained the following spells:

 Spells                   Type           Power      Damage    Failure   Level
 Necrotise                Necr           64%        1d7       1%          1
 Kiss of Death            Conj/Necr      36%        2d8       3%          1
 Dispel Undead            Necr           16%        3d10      4%          4
 Cigotuvi's Dreadful Rot  Necr/Pois/Air  14%        N/A       11%         2
 Agony                    Necr           16%        N/A       12%         5
 Anguish                  Hex/Necr       4%         N/A       34%         4
 Blink                    Tloc           4%         N/A       41%         2
 Ensorcelled Hibernation  Hex/Ice        4%         N/A       41%         2
 Lesser Beckoning         Tloc           4%         N/A       41%         2
 Momentum Strike          Conj/Tloc      4%         3d8       41%         2
 Passwall                 Tmut/Erth      1%         N/A       41%         2
 Poisonous Vapours        Pois/Air       4%         N/A       41%         2
 Death Channel            Necr           8%         N/A       54%         6
 Gell's Gravitas          Tloc           2%         N/A       65%         3
 Mephitic Cloud           Conj/Pois/Air  2%         N/A       65%         3
 Ozocubu's Armour         Ice            2%         N/A       65%         3
 Portal Projectile        Hex/Tloc       4%         N/A       65%         3
 Swiftness                Air            2%         N/A       65%         3
 Teleport Other           Tloc           2%         N/A       65%         3
 Tukima's Dance           Hex            2%         N/A       65%         3
 Vhi's Electric Charge    Tloc/Air       4%         N/A       65%         3
 Arcjolt                  Conj/Air       1%         1d11      100%        5
 Freezing Cloud           Conj/Ice/Air   1%         6-21      100%        5
 Dispersal                Tloc           1%         N/A       100%        6
 Ozocubu's Refrigeration  Ice            1%         4d7       100%        7
 Maxwell's Capacitive Co  Air            1%         ∞         100%        8
 Blade Hands              Tmut           Unusable   N/A       N/A         5

Dungeon Overview and Level Annotations

Branches:
Dungeon (7/15)             Temple (0/1) D:5

Altars:
Dithmenos
Kikubaaqudgha
Ru
Trog
Vehumet

Shops:
D:2 :(*?(   D:3 =   D:5 :


Innate Abilities, Weirdness & Mutations

You are immune to poison.
You have sharp fingernails.
Your flesh is cold resistant. (rC+)
You are immune to negative energy. (rN+++)
You do not regenerate when monsters are visible.
You are immune to unholy pain and torment.
You thrive by killing the living.


Message History

The orc barely misses you. The killer bee closely misses you.
The killer bee stings you but does no damage.
The killer bee stings you!
You barely miss the killer bee. The killer bee barely misses you.
The killer bee completely misses you. The killer bee barely misses you.
The orc barely misses you.
You barely miss the killer bee.
The killer bee is heavily wounded.
The killer bee stings you. x2; The killer bee barely misses you.
The killer bee stings you. x2; The killer bee closely misses you.
The orc hits you but does no damage.
You miss the killer bee. The killer bee stings you. x3
The killer bee stings you!
The killer bee stings you but does no damage.
The killer bee closely misses you. The orc closely misses you.
Okay, then.
As you read the scroll of teleportation, it crumbles to dust.
You feel strangely unstable. The killer bee misses you.
The killer bee stings you but does no damage.
The killer bee closely misses you. The killer bee stings you.
* * * LOW HITPOINT WARNING * * *
The killer bee stings you!
* * * LOW HITPOINT WARNING * * *
The killer bee barely misses you. The orc hits you but does no damage.
As you read the scroll of teleportation, it crumbles to dust.
You feel strangely stable. The killer bee stings you.
* * * LOW HITPOINT WARNING * * *
The killer bee stings you but does no damage.
The killer bee barely misses you. The killer bee stings you.
* * * LOW HITPOINT WARNING * * *
The killer bee barely misses you. The killer bee closely misses you.
The orc hits you but does no damage.
The air fills with toxic fumes!
As you read the scroll of poison, it crumbles to dust.
The killer bee stings you.
* * * LOW HITPOINT WARNING * * *
The killer bee misses you. The killer bee closely misses you.
The killer bee barely misses you. The killer bee stings you.
You die...
Kikubaaqudgha rasps: "You have failed me!
Welcome... oblivion!"

#.# §#§# §§. §§. #§#
.######§# .....§§§##
....... ###oy##.......#
#§§y@y#.......#
#§§§§§#.......# .######
#§§§§§#.......# .......
#§§§§§#.......#
.......####§§§§§§.......###
..........§§#§##§§.....†'<#
.........§§§§§.#§§......###
........§§§§§§.##§§....†+
........................###


You could see 3 killer bees and an orc.

Vanquished Creatures
  A komodo dragon (D:5)
  A troll (D:5)
  Sigmund (D:5)
  A wraith (D:7)
  2 water moccasins
  2 sky beasts (D:6)
  An ice beast (D:5)
  A black bear (D:6)
  An ogre (D:5)
  A centaur (D:6)
  2 phantoms
  Blork the orc (D:5)
  A kobold brigand (D:4)
  10 scorpions
  A killer bee (D:7)
  A howler monkey (D:4)
  5 hounds
  An orc priest (D:7)
  A sleepcap (D:5)
  A gnoll bouda (D:6)
  6 iguanas
  Ijyb (D:5)
  2 orc wizards
  Robin (D:2)
  6 gnolls
  12 adders
  A shadow imp (D:6)
  An ufetubus (D:5)
  A worm (D:4)
  2 dart slugs (D:4)
  18 orcs
  7 endoplasms
  A giant cockroach (D:1)
  14 goblins
  10 hobgoblins
  12 jackals
  5 quokkas
  5 ball pythons
  5 bats
  4 frilled lizards
  5 kobolds
  7 rats
162 creatures vanquished.

Notes
Turn   | Place    | Note
-------+----------+-------------------------------------------
     0 | D:1      | cheesebisquit the Ghoul Monk began the quest for the Orb.
     0 | D:1      | Reached XP level 1. HP: 19/19 MP: 0/0
    71 | D:1      | Reached XP level 2. HP: 24/26 MP: 1/1
   536 | D:1      | Reached XP level 3. HP: 31/31 MP: 2/2
   871 | D:2      | Noticed Robin
   878 | D:2      | Found Wuulluff's Book Shop.
   903 | D:2      | Killed Robin
   904 | D:2      | Reached skill level 5 in Unarmed Combat
   934 | D:2      | Found Cuin's Weapon Boutique.
   977 | D:2      | Found Wifir's Assorted Antiques.
   990 | D:2      | Found Neosch's Magic Scroll Boutique.
  1208 | D:2      | Reached XP level 4. HP: 38/38 MP: 3/3
  1215 | D:2      | Found Gococsen's Weapon Boutique.
  1684 | D:3      | Found an ancient bone altar of Kikubaaqudgha.
  1709 | D:3      | Became a worshipper of Kikubaaqudgha
  1709 | D:3      | Reached * piety under Kikubaaqudgha
  1709 | D:3      | Received a gift from Kikubaaqudgha
  1709 | D:3      | Reached ** piety under Kikubaaqudgha
  1714 | D:3      | Learned a level 3 spell: Vampiric Draining
  1814 | D:3      | Found a faded altar of an unknown god.
  1929 | D:3      | Found Reemid's Jewellery Shop.
  2151 | D:3      | Identified the +3 scale mail of the Lemon {-Cast +Inv rN+++
                  | Dex-2}
  2377 | D:4      | Found a bloodstained altar of Trog.
  2449 | D:4      | Found a radiant altar of Vehumet.
  2453 | D:4      | Noticed a phantom
  2476 | D:4      | Killed a phantom
  2477 | D:4      | Reached skill level 2 in Necromancy
  2477 | D:4      | Reached XP level 5. HP: 34/45 MP: 4/4
  2555 | D:4      | Reached skill level 3 in Necromancy
  2577 | D:4      | Reached skill level 4 in Necromancy
  2577 | D:4      | Reached XP level 6. HP: 42/51 MP: 5/5
  3348 | D:4      | Reached skill level 5 in Necromancy
  3842 | D:5      | Entered Level 5 of the Dungeon
  3844 | D:5      | Found Zin's Purification Station.
  3851 | D:5      | Reached XP level 7. HP: 57/57 MP: 6/6
  3942 | D:5      | Bought a potion of curing for 90 gold pieces
  4000 | D:5      | Reached skill level 6 in Necromancy
  4100 | D:5      | Reached *** piety under Kikubaaqudgha
  4100 | D:5      | Received a gift from Kikubaaqudgha
  4129 | D:5      | Noticed Ijyb
  4140 | D:5      | Paralysed by Ijyb for 3 turns
  4149 | D:5      | Killed Ijyb
  4150 | D:5      | Reached skill level 1 in Spellcasting
  4219 | D:5      | Reached skill level 7 in Necromancy
  4219 | D:5      | Reached XP level 8. HP: 52/63 MP: 8/10
  4281 | D:5      | Noticed Blork the orc
  4319 | D:5      | Killed Blork the orc
  4337 | D:5      | Noticed a troll
  4347 | D:5      | Killed a troll
  4348 | D:5      | Reached skill level 8 in Necromancy
  4748 | D:5      | Found Hevvesk's Book Shoppe.
  4848 | D:5      | Found a shadowy altar of Dithmenos.
  4996 | D:5      | Found a staircase to the Ecumenical Temple.
  5000 | D:5      | Noticed a komodo dragon
  5022 | D:5      | Killed a komodo dragon
  5023 | D:5      | Reached XP level 9. HP: 33/70 MP: 4/14
  5179 | D:5      | Noticed Sigmund
  5218 | D:5      | Found a sacrificial altar of Ru.
  5261 | D:5      | Killed Sigmund
  5262 | D:5      | Reached skill level 9 in Necromancy
  5515 | D:6      | Reached skill level 5 in Spellcasting
  6302 | D:6      | Reached **** piety under Kikubaaqudgha
  6426 | D:6      | Noticed a komodo dragon
  6978 | D:7      | Reached skill level 10 in Necromancy
  7190 | D:7      | Slain by a killer bee

Illustrated notes

Levels and vault maps discovered:
D:1:      lightli_arrival_flooded_house, layout_basic
D:2:      layout_loops_cross, serial_shops, shop, shop, shop, shop,
          nicolae_shop_waterfront, uniq_robin
D:3:      layout_loops_ring, kiku_gazebo_garden_becter, serial_shops, shop,
          shapermc_ecumenical_altar_mp_vishouse
D:4:      layout_basic, fiery_altar_vehumet, mainiacjoe_overflow_alcove_1,
          st_stairs_13
D:5:      cheibrodos_fzero, layout_loops_ring, nicolae_ru_awakened_eye,
          mainiacjoe_overflow_alcove_4, zin_purify,
          minmay_temple_entry_drinking_statues, serial_shops,
          nicolae_book_shop_shelving, uniq_sigmund, uniq_blork_the_orc,
          uniq_ijyb
D:6:      layout_basic, hangedman_abyss_or_decor_passed
D:7:      layout_basic, elyvilon_altar_4, uniq_menkaure

Skill      XL: |  1  2  3  4  5  6  7  8  9 |
---------------+----------------------------+-----
Unarmed Combat | 4 5 |  5.8
Necromancy     | 2 4 5 7 8 10 | 10.3
Spellcasting   | 2 4 6 |  6.5
Fighting       | |  3.3
Dodging        | |  2.6

Action                     |  1- 3 |  4- 6 |  7- 9 || total
---------------------------+-------+-------+-------++-------
  Melee: Unarmed           |    91 |   125 |   355 ||   571
  Throw: Dart              |       |     2 |     2 ||     4
   Cast: Vampiric Draining |       |       |    14 ||    14
    Use: Potion            |     1 |       |     5 ||     6
         Scroll            |       |       |    12 ||    12
 Armour: Robe              |     7 |       |       ||     7
         Animal skin       |     4 |     6 |       ||    10
         Leather armour    |       |    15 |   125 ||   140
  Dodge: Dodged            |    62 |    76 |   265 ||   403

Table legend: (Time is in decaauts)
 A = Elapsed time spent in this place.
 B = Non-inter-level travel time spent in this place.
 C = Inter-level travel time spent in this place.
 D = Time resting spent in this place.
 E = Time spent auto-exploring this place.
 F = Levels seen in this place.
 G = Mean time per level.
                   A        B        C        D        E       F      G
               +--------+--------+--------+--------+--------+-----+--------+
         Total |   7154 |   6795 |    359 |    338 |   5219 |   7 | 1022.0 |
       Dungeon |   7154 |   6795 |    359 |    338 |   5219 |   7 | 1022.0 |
               +--------+--------+--------+--------+--------+-----+--------+

Top non-repeatable levels by time:
     D:5: 1603 daAuts
     D:4: 1440 daAuts
     D:6: 1438 daAuts
     D:3: 868 daAuts
     D:1: 856 daAuts
     D:2: 700 daAuts
     D:7: 246 daAuts
